 Dungeon Crawl Stone Soup version 0.31-a0-523-g071a6c1ffa (webtiles) character file.

Game seed: 5590785868079052704

55 LeprechaunX the Ruffian (level 3, -8/24 HPs)
             Began as an Octopode Shapeshifter on Aug 12, 2023.
             Mangled by an orc
             ... wielding a +2 trident of venom
              (9 damage)
             ... on level 3 of the Dungeon.
             The game lasted 00:01:55 (1324 turns).

LeprechaunX the Ruffian (Octopode Shapeshifter)     Turns: 1324, Time: 00:01:56

Health: -8/24      AC:  1    Str: 16    XL:     3   Next: 93%
Magic:  3/3        EV: 13    Int: 10    God:
Gold:   163        SH:  4    Dex: 12    Spells: 2/2 levels left

rFire   . .          .
                       - Unarmed
rCold   . . .        g - +0 buckler
rNeg    . . .        (helmet currently unavailable)
rPois   .            (no amulet)
rElec   .            (no ring)
rCorr   .            (no ring)
SInv    .            (no ring)
Will    .....        (no ring)
Stlth   ++           (no ring)
HPRegen 0.24/turn    (no ring)
MPRegen 0.08/turn    (no ring)
                     (no ring)

%: no passive effects
@: lethally poisoned (-8 -> -16), beast-form
A: beast (slay +2), almost no armour, amphibious, 8 rings, camouflage 1,
gelatinous body 1, (nimble swimmer 1), tentacles
a: Begin Untransformation


You were on level 3 of the Dungeon.
You were a hulking beast.
You visited 1 branch of the dungeon, and saw 3 of its levels.

You collected 163 gold pieces.

Inventory:

Armour
 g - a +0 buckler (worn)
Jewellery
 j - the ring "Coliun" {+Blink MP+9 Dex+3}
   (You found it on level 2 of the Dungeon)

   [ring of magical power]

   Dex+3:     It affects your dexterity (+3).
   MP+9:      It affects your magic capacity (+9).
   +Blink:    It lets you blink.
Talismans
 b - a beast talisman (active)
 c - a flux talisman
Scrolls
 d - a scroll of fog {unknown}
 e - a scroll of noise {unknown}
 f - 2 scrolls of identify {unknown}
 h - a scroll of amnesia {unknown}
 i - a scroll of immolation {unknown}
Potions
 a - a potion of lignification
 k - a potion of cancellation {unknown}


   Skills:
 + Level 1.8 Fighting
 + Level 2.6 Dodging
 + Level 0.8 Shields
 + Level 3.3 Unarmed Combat
 + Level 3.3 Shapeshifting


You had 2 spell levels left.
You didn't know any spells.
Your spell library contained the following spells:

 Spells                   Type           Power      Damage    Failure   Level
 Summon Forest            Summ/Tloc      0%         N/A       100%        5
 Eringya's Noxious Bog    Tmut/Pois      0%         4d6       100%        6
 Summon Hydra             Summ           0%         N/A       100%        7


Dungeon Overview and Level Annotations

Branches:
Dungeon (3/15)

Altars:

Shops:
D:2 :


Innate Abilities, Weirdness & Mutations

You are a hulking beast.
Your limbs bulge with bestial killing power. (Slay +2)
You cannot wear most types of armour.
You are amphibious.
You can wear up to eight rings at the same time.
Your skin changes colour to match your surroundings (Stealth+).
Your rubbery body absorbs attacks. (AC +1, EV +1)
((You are camouflaged when in or above water. (Stealth+)))
You have tentacles for arms and can constrict up to eight enemies at once.


Message History

The jackal misses you.
You are too injured to fight recklessly!
You are too injured to fight recklessly!
You are too injured to fight recklessly!
You are too injured to fight recklessly!
You are too injured to fight recklessly!
You are too injured to fight recklessly!
You are too injured to fight recklessly!
You are too injured to fight recklessly!
You are too injured to fight recklessly!
You are too injured to fight recklessly!
You are too injured to fight recklessly!
You are too injured to fight recklessly!
You are too injured to fight recklessly!
You are too injured to fight recklessly!
You are too injured to fight recklessly!
You are too injured to fight recklessly!
Unknown command.
You tentacle-slap the bat.
You kill the bat!
The orc hits you with a +0 flail. The jackal misses you.
Unknown command.
You tentacle-slap the orc. Your grab misses the orc.
The orc is severely wounded.
The jackal barely misses you. The orc barely misses you. The orc misses you.
You barely miss the orc. You grab the orc.
The orc is severely wounded.
You constrict the orc. The jackal closely misses you.
The orc hits you with a +0 flail.
The orc hits you from afar with a +2 trident of venom.
* * * LOW HITPOINT WARNING * * *
You are lethally poisoned!
You bludgeon the jackal!
You kill the jackal!
You constrict the orc.
You kill the orc!
* * * LOW HITPOINT WARNING * * *
You feel very sick.
The orc hits you from afar with a +2 trident of venom!
You die...

#.......#
#......<#
##.....##
#....[..#
#####.......#
##...........#
............##
....$......#.?..
.....o)h.##..###
......)..# .##
.........# .#
.......... .#
..........#
...........
#......###.#
#.#.### .#


You could see an orc.

Vanquished Creatures
  A dart slug (D:2)
  3 orcs (D:3)
  5 endoplasms
  4 giant cockroaches
  8 goblins
  6 hobgoblins
  2 jackals (D:3)
  3 quokkas
  5 ball pythons
  2 bats
  2 frilled lizards (D:1)
  2 kobolds (D:1)
  5 rats
48 creatures vanquished.

Notes
Turn   | Place    | Note
-------+----------+-------------------------------------------
     0 | D:1      | LeprechaunX the Octopode Shapeshifter began the quest for
                  | the Orb.
     0 | D:1      | Reached XP level 1. HP: 13/13 MP: 1/1
   223 | D:1      | Reached XP level 2. HP: 12/18 MP: 2/2
   759 | D:2      | Found Dumemparch's Book Emporium.
   771 | D:2      | Reached XP level 3. HP: 3/23 MP: 3/3
  1011 | D:2      | Identified the ring "Coliun" {+Blink MP+9 Dex+3}
  1324 | D:3      | HP: 1/24 [poisoned by an orc]
  1324 | D:3      | Mangled by an orc

Illustrated notes

Levels and vault maps discovered:
D:1:      lightli_arrival_maybe_door_vault, layout_loops_ring, serial_aquarium,
          aquarium_bridge_long_joined [aquarium_subvault_bridge,
          aquarium_subvault_wall, aquarium_subvault_wall,
          aquarium_subvault_balcony, aquarium_subvault_bridge,
          aquarium_subvault_bridge], aquarium_window_1, aquarium_window_1,
          aquarium_window_1, aquarium_view_2d, aquarium_view_2c
D:2:      layout_rooms, serial_shops, nicolae_book_shop_shelving
D:3:      lemuel_castle_with_subvaults [lemuel_castle_interior_carwin_1],
          layout_rooms

Action                     || total
---------------------------++-------
  Melee: Unarmed           ||    94
         Tentacles         ||    16
         Constrict         ||    23
   Stab: Sleeping          ||     6
 Armour: Skin              ||     9
  Dodge: Dodged            ||    57
  Block: Buckler           ||    11

Table legend: (Time is in decaauts)
 A = Elapsed time spent in this place.
 B = Non-inter-level travel time spent in this place.
 C = Inter-level travel time spent in this place.
 D = Time resting spent in this place.
 E = Time spent auto-exploring this place.
 F = Levels seen in this place.
 G = Mean time per level.
                   A        B        C        D        E       F      G
               +--------+--------+--------+--------+--------+-----+--------+
         Total |   1320 |   1292 |     28 |      0 |   1012 |   3 |  440.0 |
       Dungeon |   1320 |   1292 |     28 |      0 |   1012 |   3 |  440.0 |
               +--------+--------+--------+--------+--------+-----+--------+

Top non-repeatable levels by time:
     D:1: 748 daAuts
     D:2: 545 daAuts
     D:3: 26 daAuts
